 Dungeon Crawl Stone Soup version 0.28-a0-465-ge2dae52223 (webtiles) character file.

Game seed: 2449548254045120438

1155 nicanaca0 the Basher (level 8, -3/66 HPs)
             Began as a Minotaur Berserker on Sept 14, 2021.
             Was a Priest of Trog.
             Slain by an orc warrior (9 damage)
             ... on level 5 of the Dungeon.
             The game lasted 00:06:20 (4528 turns).

nicanaca0 the Basher (Minotaur Berserker)           Turns: 4528, Time: 00:06:20

Health: -3/66      AC: 12    Str: 23    XL:     8   Next: 16%
Magic:  7/7        EV:  8    Int:  6    God:    Trog [***...]
Gold:   291        SH:  0    Dex:  9    Spells: 7/7 levels left

rFire   . . .      SeeInvis .   n - +0 morningstar
rCold   . . .      Faith    .   (no shield)
rNeg    . . .      Spirit   .   h - +4 chain mail
rPois   .          Reflect  .   (helmet restricted)
rElec   .          Harm     .   (no cloak)
rCorr   .          Rampage  .   (no gloves)
Will    .....                   (no boots)
Stlth   ..........              (no amulet)
HPRegen 0.21/turn               (no ring)
MPRegen 0.10/turn               (no ring)

@: no status effects
A: horns 2, retaliatory headbutt
a: Renounce Religion, Berserk, Trog's Hand


You were on level 5 of the Dungeon.
You worshipped Trog.
Trog was most pleased with you.
You visited 1 branch of the dungeon, and saw 5 of its levels.

You collected 291 gold pieces.

Inventory:

Hand Weapons
 n - a +0 morningstar (weapon)
Missiles
 e - 57 stones (quivered)
 o - 18 sling bullets
Armour
 h - a +4 chain mail (worn)
Wands
 b - a wand of flame (36)
Scrolls
 a - a scroll of enchant weapon {unknown}
 c - 3 scrolls of blinking {unknown}
 f - 2 scrolls of amnesia {unknown}
 g - a scroll of immolation {unknown}
 j - 2 scrolls of magic mapping {unknown}
 k - 3 scrolls of identify {unknown}
 l - 2 scrolls of teleportation {unknown}
 m - 2 scrolls of summoning {unknown}
Potions
 d - 2 potions of haste {unknown}
 i - a potion of ambrosia {unknown}
 p - a potion of lignification {unknown}


   Skills:
 + Level 3.8 Fighting
 * Level 10.3 Maces & Flails
 - Level 5.0 Throwing
 + Level 2.6 Armour
 - Level 2.1 Dodging


You had 7 spell levels left.
You didn't know any spells.
Your spell library was empty.

Dungeon Overview and Level Annotations

Branches:
Dungeon (5/15)
 Temple: D:4-7

Altars:
Ashenzari
Gozag
Qazlal
Xom
The Shining One

Shops:
D:1 *   D:2 [   D:4 *   D:5 (

Annotations:
D:5 4 runed translucent doors


Innate Abilities, Weirdness & Mutations

You have a pair of horns on your head.
You reflexively headbutt those who attack you in melee.


Message History

The orc warrior barely misses you.
The orc priest casts a cantrip, but nothing happens.
Things that are here:
a +0 short sword; a +0 leather armour You sock the orc priest!
You headbutt the orc priest.
The orc priest is severely wounded.
The orc warrior hits you with a +0 scimitar!
The orc priest mumbles some strange prayers to Beogh against you.
You struggle to resist.
Your chain mail prevents you from hitting the orc priest.
The orc priest is severely wounded.
The orc warrior hits you but does no damage.
The orc priest barely misses you.
You barely miss the orc priest.
The orc priest is severely wounded.
The orc warrior barely misses you. You furiously retaliate!
You headbutt the orc warrior, but do no damage.
The orc priest invokes the aid of Beogh against you.
Pain shoots through your body!
You hit the orc priest but do no damage.
Your headbutt misses the orc priest.
The orc priest is severely wounded.
The orc warrior barely misses you.
You closely miss the orc priest. Your headbutt misses the orc priest.
The orc priest is severely wounded.
The orc priest miscasts a cantrip.
The orc warrior hits you with a +0 scimitar!
* * * LOW HITPOINT WARNING * * *
Your chain mail prevents you from hitting the orc priest.
Your headbutt misses the orc priest.
The orc priest is severely wounded.
The orc priest calls down the wrath of Beogh upon you.
Pain shoots through your body!
* * * LOW HITPOINT WARNING * * *
The orc warrior barely misses you.
You barely miss the orc priest. You headbutt the orc priest.
The orc priest is almost dead.
The orc priest hits you but does no damage.
The orc warrior hits you with a +0 scimitar!
You die...

#..........#..# #.
#.#<(.........####.
#.#(...............
#.#.###......#####.
#.#(# ##...#....##.
#.#(# ########.##.
#.#(# #.##.
#.#.######## #.##.
#o@o.......# #.##.
###....###.####.##.
#...........<.#'##.
#.#.#......<.......
#.#.#.####..#......
# #.#.#............
#.#.#..#...######
#.........##รท...#
#.#.#..#..#.#.##[


You could see an orc warrior and an orc priest.

Vanquished Creatures
  2 water moccasins (D:5)
  A sky beast (D:5)
  An ogre (D:4)
  A centaur (D:5)
  A phantom (D:5)
  2 water moccasin skeletons
  A bullfrog zombie (D:5)
  5 hounds
  2 jellies (D:5)
  Terence (D:2)
  An iguana (D:5)
  2 orc wizards
  A howler monkey zombie (D:5)
  2 howler monkey skeletons (D:5)
  5 adders
  A shadow imp (D:5)
  4 dart slugs
  14 orcs
  4 endoplasms
  2 giant cockroaches
  12 goblins
  7 hobgoblins
  3 quokkas
  7 ball pythons
  3 bats
  A frilled lizard (D:1)
  3 kobolds
  3 rats
92 creatures vanquished.

Vanquished Creatures (others)
  3 plants (D:3)
3 creatures vanquished.

Grand Total: 95 creatures vanquished

Notes
Turn   | Place    | Note
-------+----------+-------------------------------------------
     0 | D:1      | nicanaca0 the Minotaur Berserker began the quest for the
                  | Orb.
     0 | D:1      | Reached XP level 1. HP: 19/19 MP: 0/0
    94 | D:1      | Found Cast's General Store.
   172 | D:1      | Reached skill level 4 in Maces & Flails
   190 | D:1      | Reached XP level 2. HP: 22/26 MP: 1/1
   314 | D:1      | Reached skill level 1 in Throwing
   373 | D:1      | You fall into a shaft and drop 1 floor!
   961 | D:2      | Reached XP level 3. HP: 31/31 MP: 2/2
   969 | D:2      | Found Kioq's Armour Shop.
   979 | D:2      | Noticed Terence
   983 | D:2      | Killed Terence
   984 | D:2      | Reached skill level 5 in Maces & Flails
  1118 | D:2      | You fall into a shaft and drop 2 floors!
  1161 | D:4      | Noticed an ogre
  1182 | D:4      | Killed an ogre
  1182 | D:4      | Reached ** piety under Trog
  1183 | D:4      | Reached skill level 6 in Maces & Flails
  1183 | D:4      | Reached XP level 4. HP: 26/39 MP: 3/3
  1183 | D:4      | Reached XP level 5. HP: 31/45 MP: 4/4
  1445 | D:4      | Found a shimmering altar of Xom.
  1794 | D:3      | Found a faded altar of an unknown god.
  1838 | D:3      | Found a broken altar of Ashenzari.
  1842 | D:3      | Saw a vision of the Swamp and the Spider Nest.
  1842 | D:3      | Noticed a redback
  1842 | D:3      | Noticed a hornet
  1842 | D:3      | Noticed a wolf spider
  1842 | D:3      | Noticed a wolf spider
  1842 | D:3      | Noticed a wolf spider
  1842 | D:3      | Noticed a goliath frog
  1842 | D:3      | Noticed a will-o-the-wisp
  1842 | D:3      | Noticed a goliath frog
  1842 | D:3      | Noticed an alligator
  1842 | D:3      | Noticed a hornet
  1844 | D:3      | Noticed a swamp drake
  1898 | D:3      | Found an opulent altar of Gozag.
  2054 | D:4      | Found Roynypt's Elemental Accessories.
  2101 | D:4      | Reached skill level 7 in Maces & Flails
  2101 | D:4      | Reached XP level 6. HP: 36/51 MP: 5/5
  2753 | D:4      | Reached *** piety under Trog
  2887 | D:5      | Entered Level 5 of the Dungeon
  2993 | D:5      | Found a stormy altar of Qazlal.
  3022 | D:5      | Noticed an orc warrior
  3236 | D:5      | Noticed a water moccasin
  3256 | D:5      | Reached skill level 8 in Maces & Flails
  3263 | D:5      | Killed a water moccasin
  3264 | D:5      | Reached XP level 7. HP: 34/57 MP: 6/6
  3536 | D:5      | Identified the +2 leather armour of the Serpent {rElec
                  | Will+ SInv}
  3616 | D:5      | Reached skill level 9 in Maces & Flails
  3953 | D:5      | Found a large runed translucent door.
  3953 | D:5      | Found a large runed translucent door.
  3965 | D:5      | Reached skill level 5 in Throwing
  4098 | D:5      | Found Ukaijiop's Antique Weapon Boutique.
  4144 | D:5      | Found a large runed translucent door.
  4144 | D:5      | Found a large runed translucent door.
  4190 | D:5      | Reached skill level 10 in Maces & Flails
  4190 | D:5      | Reached XP level 8. HP: 52/64 MP: 7/7
  4465 | D:5      | Found a glowing golden altar of the Shining One.
  4528 | D:5      | Slain by an orc warrior

Illustrated notes

Levels and vault maps discovered:
D:1:      doesnt_arrival_eight_statues, layout_loops_ring, serial_shops, shop
D:2:      layout_basic, serial_shops, nicolae_shop_trees,
          nicolae_shop_behind_doors, nicolae_shop_crystal, nicolae_shop_stone,
          nicolae_shop_stone, minmay_statues_item, minmay_misc_feat_hallway,
          kennysheep_pointless_box, uniq_sigmund, uniq_terence
D:3:      cheibrodos_greedy_goblins, layout_rooms, grunt_ashenzari_visionary
          [grunt_ashenzari_visionary_swamp, grunt_ashenzari_visionary_spider],
          grunt_gozag_breadcrumbs, ebering_ecumenical_altar_box
D:4:      minmay_general_purpose_star, layout_gridville,
          nicolae_overflow_crystal_walls, nicolae_elemental_shop
D:5:      minmay_octagon_keep, layout_basic, overflow_temple_1_default,
          nicolae_tso_swordbearing_angel, serial_shops, nicolae_shop_crystal,
          minmay_hollow_rounded_squares

Skill      XL: |  1  2  3  4  5  6  7 |
---------------+----------------------+-----
Maces & Flails | 4 6 7 8 10 | 10.3
Throwing       | 1 2 3 4 5 |  5.0
Fighting       | |  3.8
Armour         | |  2.6
Dodging        | |  2.1

Action                   |  1- 3 |  4- 6 |  7- 9 || total
-------------------------+-------+-------+-------++-------
Melee: Mace              |    49 |    58 |       ||   107
       Headbutt          |     8 |    15 |    15 ||    38
       Morningstar       |       |    58 |    94 ||   152
Throw: Stone             |    36 |    86 |    53 ||   175
Invok: Berserk           |     1 |       |       ||     1
       Trog's Hand       |       |       |     2 ||     2
Evoke: Wand              |       |     1 |       ||     1
Armor: Animal skin       |     4 |       |       ||     4
       Scale mail        |     7 |       |       ||     7
       Chain mail        |       |    71 |    41 ||   112
Dodge: Dodged            |    23 |    46 |    42 ||   111

Table legend: (Time is in decaauts)
 A = Elapsed time spent in this place.
 B = Non-inter-level travel time spent in this place.
 C = Inter-level travel time spent in this place.
 D = Time resting spent in this place.
 E = Time spent auto-exploring this place.
 F = Levels seen in this place.
 G = Mean time per level.
                   A        B        C        D        E       F      G
               +--------+--------+--------+--------+--------+-----+--------+
         Total |   4550 |   4445 |    105 |    344 |   3276 |   5 |  910.0 |
       Dungeon |   4550 |   4445 |    105 |    344 |   3276 |   5 |  910.0 |
               +--------+--------+--------+--------+--------+-----+--------+

Top non-repeatable levels by time:
     D:5: 1588 daAuts
     D:4: 1381 daAuts
     D:1: 879 daAuts
     D:3: 443 daAuts
     D:2: 257 daAuts
